 Dungeon Crawl Stone Soup version 0.28-a0-2-g643f2454ad (webtiles) character file.

Game seed: 12818254606746249289

2 elagabalus the Sneak (level 1, 0/9 HPs)
             Began as a Spriggan Enchanter on July 22, 2021.
             Slain by a ball python (3 damage)
             ... on level 1 of the Dungeon.
             The game lasted 00:01:50 (106 turns).

elagabalus the Sneak (Spriggan Enchanter)            Turns: 106, Time: 00:01:51

Health: 0/9        AC:  2    Str:  4    XL:     1   Next: 25%
Magic:  5/5        EV: 17    Int: 16    God:
Gold:   12         SH:  0    Dex: 15    Spells: 4/5 levels left

rFire   . . .      SeeInvis +   a - +1 dagger
rCold   . . .      Faith    .   (shield restricted)
rNeg    . . .      Spirit   .   b - +0 robe
rPois   .          Reflect  .   (helmet restricted)
rElec   .          Harm     .   (no cloak)
rCorr   .          Rampage  .   (gloves unavailable)
Will    .....                   (boots unavailable)
Stlth   +++.......              (no amulet)
HPRegen 0.03/turn               (no ring)
MPRegen 0.09/turn               (no ring)

@: very quick
A: very small, no large weapons, unfitting armour, see invisible, speed 3
a: no special abilities


You were on level 1 of the Dungeon.
You visited 1 branch of the dungeon, and saw 1 of its levels.

You collected 12 gold pieces.

Inventory:

Hand Weapons
 a - a +1 dagger (weapon)
Armour
 b - a +0 robe (worn)


   Skills:
 - Level 1.1 Short Blades
 * Level 2.7 Dodging
 + Level 4.4 Stealth
 + Level 2.7 Spellcasting
 + Level 3.7 Hexes


You had 4 spell levels left.
You knew the following spells:

 Your Spells              Type           Power      Damage    Failure   Level
a - Corona                Hex            15%        N/A       4%          1

Your spell library contained the following spells:

 Spells                   Type           Power      Damage    Failure   Level
 Confusing Touch          Hex            14%        N/A       13%         3
 Tukima's Dance           Hex            14%        N/A       13%         3
 Ensorcelled Hibernation  Hex/Ice        16%        N/A       14%         2
 Dazzling Flash           Conj/Hex       16%        N/A       26%         3


Dungeon Overview and Level Annotations

Branches:
Dungeon (1/15)

Altars:

Shops:
D:1 [


Innate Abilities, Weirdness & Mutations

You are very small and have problems with some larger weapons.
You are too small for most types of armour.
You have supernaturally acute eyesight. (SInv)
You cover ground extremely quickly. (Speed+++)


Message History

Confirm with . or Enter, or press ? or * to list all spells.
Aiming: Corona (safe; 4% risk of failure)
Press: ? - help, Shift-Dir - straight line, f/p - kobold
Aim: a kobold, wielding a +0 dagger and quivering stones (chance to affect: 67%)
The kobold is outlined in light.
The kobold completely misses you.
You hit the kobold.
The kobold is severely wounded.
The kobold hits you but does no damage.
You hit the kobold but do no damage.
The kobold is severely wounded.
The kobold hits you with a +0 dagger.
You barely miss the kobold.
The kobold is severely wounded.
The kobold hits you with a +0 dagger.
You hit the kobold.
You kill the kobold!
Things that are here:
a +0 dagger; 2 stones; a kobold corpse You open the door.
A rat comes into view.
Found 11 arrows, 7 gold pieces and 2 smoky sapphire potions.
A ball python comes into view.
Found 10 gold pieces.
There is an open door here.
The rat barely misses you.
A ball python comes into view.
Found a scale mail.
You see here 10 gold pieces.
A frilled lizard comes into view.
The frilled lizard hisses angrily.
The ball python hisses angrily.
The ball python hisses angrily.
You hit the ball python.
The ball python is heavily wounded.
The ball python barely misses you. The ball python completely misses you.
You barely miss the ball python.
The ball python is heavily wounded.
The ball python bites you. The ball python closely misses you.
The rat bites you.
You open the door. The ball python bites you.
You die...

#.# ##### #.#
######
#.#########......
#................
####...#.........
+...'.....(...
###...#.....$...
.......'.....!...
#.###...#@r.......
#...#S........
#...#S........
#...#...######
........# ....l#
....... .....[...
..........


You could see 2 ball pythons, a frilled lizard and a rat.

Vanquished Creatures
  An endoplasm (D:1)
  A kobold (D:1)
2 creatures vanquished.

Notes
Turn   | Place    | Note
-------+----------+-------------------------------------------
     0 | D:1      | elagabalus the Spriggan Enchanter began the quest for the
                  | Orb.
     0 | D:1      | Reached XP level 1. HP: 9/9 MP: 5/5
    42 | D:1      | Found Semie's Antique Armour Emporium.
   106 | D:1      | Slain by a ball python

Illustrated notes

Levels and vault maps discovered:
D:1:      psy_arrival_radial02, layout_basic, serial_shops,
          nicolae_shop_competitors_out_of_business,
          ebering_ecumenical_altar_mist, minmay_pentomino_z2

Action                   || total
-------------------------++-------
Melee: Dagger            ||    11
 Cast: Corona            ||     3
Armor: Robe              ||     2
Dodge: Dodged            ||     8

Table legend: (Time is in decaauts)
 A = Elapsed time spent in this place.
 B = Non-inter-level travel time spent in this place.
 C = Inter-level travel time spent in this place.
 D = Time resting spent in this place.
 E = Time spent auto-exploring this place.
 F = Levels seen in this place.
 G = Mean time per level.
                   A        B        C        D        E       F      G
               +--------+--------+--------+--------+--------+-----+--------+
         Total |     70 |     35 |     35 |      0 |      0 |   1 |   70.0 |
       Dungeon |     70 |     35 |     35 |      0 |      0 |   1 |   70.0 |
               +--------+--------+--------+--------+--------+-----+--------+

Top non-repeatable levels by time:
     D:1: 70 daAuts
